nyob, neutral female gnomish Ranger ---- ...| ----------------------------%.| |......................(...|..| |.............<.............@. ---..........................|D. |............................| ------------------------------ nyob the Trailblazer Experience level: 8 Strength: 15 Dexterity: 15 Constitution: 14 Intelligence: 14 Wisdom: 12 Charisma: 3 Health: 0(42) Energy: 44(44) Def: 14 Gold: 236 Moves: 5267 Dungeon seed: fbDH9EDyMYPwABj_ Game ID: nyob_1521064164 Your Inventory: Coins $ - 236 gold pieces Weapons a - a blessed +1 dagger b - a burnt +1 crossbow (weapon in hand) d - a +0 crossbow bolt (in quiver) j - 11 +0 crossbow bolts J - 2 +2 crossbow bolts T - 20 cursed +0 crossbow bolts U - 7 cursed +1 crossbow bolts Armor c - an uncursed +0 helmet (being worn) e - an uncursed +2 cloak of displacement (being worn) n - an uncursed +0 pair of kicking boots (being worn) Y - a blessed +2 elven mithril-coat (being worn) Z - an uncursed +1 pair of leather gloves (being worn) Comestibles k - 3 uncursed slime molds E - an uncursed tin of gecko meat W - an uncursed C-ration X - a cursed slime mold Scrolls K - an uncursed scroll of light Potions f - an uncursed potion of oil V - an uncursed potion of water Rings o - a cursed ring of conflict p - a cursed ring of protection from shape changers Wands v - a cursed wand of speed monster (0:0) Q - a wand of light (0:10) Tools g - an uncursed tin whistle s - an uncursed blindfold t - a cursed oil lamp (0:1313) u - a +0 pick-axe x - a cursed sack B - an uncursed skeleton key F - an uncursed magic lamp H - an uncursed bag of holding L - an uncursed oil lamp (0:1328) P - a magic flute named of Sleep or Paralyzation (0:4) R - an uncursed mirror Gems i - 8 uncursed rocks q - an uncursed worthless piece of black glass r - 3 uncursed worthless pieces of blue glass y - 2 uncursed worthless pieces of green glass z - 3 uncursed worthless pieces of violet glass A - 4 uncursed worthless pieces of yellow glass C - 3 uncursed worthless pieces of red glass M - 2 uncursed worthless pieces of orange glass N - 2 uncursed chrysoberyl stones O - an uncursed topaz stone Contents of the sack: 365 gold pieces Spells and supernatural/magical abilities: Name Level Category Fail Memory W - pray for help -- divine ? -- Your skills at the end: Fighting Skills Weapon Skills dagger [Basic] crossbow [Skilled] Spellcasting Skills Final Attributes: You were piously aligned. You were telepathic. You had automatic searching. You had infravision. You were displaced. You were stealthy. You are dead. Vanquished creatures: a giant mummy a gelatinous cube a human mummy an ettin zombie a soldier a quivering blob a leprechaun a mumak a giant spider an ice vortex a brown pudding a werewolf a lizard 2 dingos a jaguar a raven a gnome mummy a snake 3 soldier ants an imp 2 wood nymphs a water nymph a rock piercer a rock mole 3 fog clouds a yellow light a gnome lord a red naga hatchling a gray ooze 5 elf zombies a ghoul a baby crocodile 2 little dogs 3 floating eyes a kitten 3 dwarves 2 kobold lords 3 kobold shamans 2 rabid rats a giant bat an orc zombie a wererat 2 iguanas 3 coyotes 2 gas spores 8 hobbits 2 large kobolds 2 giant rats 2 yellow molds a green mold 4 gnomes a gnome zombie 2 geckos 9 jackals 2 foxes 3 goblins 5 sewer rats 4 grid bugs 6 lichens 6 newts 125 creatures vanquished. Voluntary challenges: You had followed a strict vegetarian diet until turn 2711. You were an atheist. You used a wielded weapon 5 times, starting on turn 91. You read items or engraved 5 times, starting on turn 984. You never genocided any monsters. You never polymorphed an object. You never changed form. You used no wishes. You never split a pudding. You never wrote Elbereth's name. You violated your moral code, losing 43 points of alignment, starting on turn 637. Dungeon overview: The Dungeons of Doom: levels 1 to 2 Level 1 a long staircase Level 2 a fountain stairs to The Gnomish Mines The Gnomish Mines: levels 3 to 10 Level 3 stairs to The Dungeons of Doom Level 4 Level 5 many shops, a temple to Mars, some fountains Level 6 Level 7 Level 8 Level 9 Level 10 <- You were here History has recorded: On T:1 you entered the Dungeons of Doom to retrieve the Amulet of Yendor! On T:249 you reached level 2 of The Dungeons of Doom. On T:549 you advanced to experience level 2. On T:615 you reached level 1 of The Gnomish Mines. On T:766 you advanced to experience level 3. On T:1102 you advanced to experience level 4. On T:1337 you reached level 2 of The Gnomish Mines. On T:1494 you advanced to experience level 5. On T:1829 you reached level 3 of The Gnomish Mines. On T:2519 you advanced to experience level 6. On T:2607 you reached level 4 of The Gnomish Mines. On T:3370 you reached level 5 of The Gnomish Mines. On T:3610 you advanced to experience level 7. On T:3973 you reached level 6 of The Gnomish Mines. On T:4643 you reached level 7 of The Gnomish Mines. On T:4909 you advanced to experience level 8. On T:5217 you reached level 8 of The Gnomish Mines. Score breakdown: Gold: 601 ( 9455 points) Experience: 8 levels (14739 points) Exploration: 10 levels ( 19.61%) (12727 points) Discoveries: 17 items ( 5.69%) ( 7153 points) Valuables value: (no points given unless you survive) Artifact value: 0 ( 0 points) Variety of kills: 60 monsters ( 15.75%) (11905 points) Turncount: 5267 turns (-1431 points) Survival: died (score multiplied by 80%) Total score: 43638 Latest messages: There are a few objects here. d - 2 +0 crossbow bolts (in quiver). The blue dragon bites! The blue dragon hits! (2x) You begin bashing monsters with your crossbow. You hit the blue dragon. The blue dragon bites! The blue dragon hits! (2x) You start playing the flute named of Sleep or Paralyzation. You produce soft music. You shoot 3 crossbow bolts. The 1st crossbow bolt hits the blue dragon! The 2nd crossbow bolt hits the blue dragon! The 3rd crossbow bolt hits the blue dragon! The blue dragon bites! You die... The bag of holding is empty. The bag of holding is empty. Final status: Goodbye nyob the Ranger, killed by a blue dragon... You died in The Gnomish Mines on dungeon level 10 with 43638 points, and 601 pieces of gold, after 5267 moves. You were level 8 with a maximum of 42 hit points when you died.